 Dungeon Crawl Stone Soup version 0.18.1-2-ga659475 (webtiles) character file.

136 Alarkh the Poker (level 4, 0/33 HPs)
             Began as a Mummy Skald on May 8, 2016.
             Slain by an orc
             ... wielding a cursed +0 club
              (5 damage)
             ... on level 2 of the Dungeon.
             The game lasted 00:04:35 (3165 turns).

Alarkh the Poker (Mummy Skald)                      Turns: 3165, Time: 00:04:36

Health: 0/33       AC:  3    Str: 15    XL:     4   Next: 98%
Magic:  1/7        EV: 11    Int: 12    God:
Gold:   101        SH:  0    Dex: 11    Spells: 3 memorised, 2 levels left

rFire  x . .     SeeInvis .     a - +0 spear
rCold  + . .     Gourm    .     b - +0 leather armour
rNeg   + + +     Faith    .     (no shield)
rPois  ∞         Spirit   .     (no helmet)
rElec  .         Dismiss  .     (no cloak)
rCorr  .         Reflect  .     (no gloves)
SustAt .         Harm     .     (no boots)
MR     .....                    (no amulet)
Stlth  +.........               (no ring)
                                (no ring)

@: not resistant to hostile enchantments, very unstealthy
A: no food or potions, fire vulnerability, cold resistance 1, negative energy
resistance 3, torment resistance, unbreathing
a: no special abilities


You were on level 2 of the Dungeon.
You were not hungry.

You visited 1 branch of the dungeon, and saw 3 of its levels.

You collected 101 gold pieces.

Inventory:

Hand Weapons
 a - a +0 spear (weapon)
 j - a +0 halberd
Missiles
 h - a throwing net (quivered)
Armour
 b - a +0 leather armour (worn)
Scrolls
 d - a scroll of remove curse {unknown}
 e - a scroll of fog {unknown}
 f - a scroll of amnesia {unknown}
 g - 2 scrolls of identify {unknown}
 i - 2 scrolls of enchant armour {unknown}
Books
 c - a book of Battle

   Spells                             Type                      Level
   a - Infusion                       Charms                       1
   b - Shroud of Golubria             Charms/Translocation         2
   c - Song of Slaying                Charms                       2
   d - Spectral Weapon                Hexes/Charms                 3
   e - Regeneration                   Charms/Necromancy            3


   Skills:
 - Level 2.0 Fighting
 + Level 4.3 Polearms
 - Level 0.7 Armour
 - Level 0.7 Dodging
 - Level 2.0 Spellcasting
 - Level 2.4 Charms


You had 2 spell levels left.
You knew the following spells:

 Your Spells              Type           Power        Failure   Level  Hunger
a - Infusion              Chrm           #...         14%         1    N/A
b - Song of Slaying       Chrm           #.......     21%         2    N/A
e - Shroud of Golubria    Chrm/Tloc      #.........   34%         2    N/A

Dungeon Overview and Level Annotations

Branches:
Dungeon (3/15)

Altars:


Innate Abilities, Weirdness & Mutations

You do not eat or drink.
Your flesh is vulnerable to fire.
You are immune to poison.
Your flesh is cold resistant.
You are immune to negative energy.
You are immune to unholy pain and torment.
You can survive without breathing.


Message History

* * * LOW HITPOINT WARNING * * *
You hit the orc but do no damage.
The orc is heavily wounded.
You hit the orc but do no damage.
The orc is heavily wounded.
The orc hits you with a club.
* * * LOW HITPOINT WARNING * * *
Your magical contamination has completely faded away.
Your magical infusion is running out.
You closely miss the orc.
The orc is heavily wounded.
The orc closely misses you.
You hit the orc but do no damage.
The orc is heavily wounded.
You are no longer magically infusing your attacks.
The orc barely misses you.
You hit the orc but do no damage.
The orc is heavily wounded.
The orc hits you with a club.
You die...

######.##### #......
#..........# #.###.#
#.####.###.# #...#.. #.####.#
#.### ##..#.# #...##.###.#.##
#.÷..# #.#.##......#.##
#<####
#######.#........###.###.####
#.......####o.....#.###...÷..
#.#####.# #@#.#.#.## #......
#.# #.# #.#.#.#.####......
#.# #.# #.#........#......
#.# #.# #.#..#####.#......
#.# #.# #....# #.#.##.## #.#
#.# #..#.# #...##.# #.# #.#
#..#.# #.####.# #.# #.#
#..#.#####.# #.# #.# ##.##
#..#>......####.#


You could see an orc.

Vanquished Creatures
  4 adders (D:2)
  4 gnolls
  3 giant geckos (D:2)
  3 orcs
  8 bats
  2 giant cockroaches
  7 hobgoblins
  2 jackals (D:2)
  5 kobolds
  A quokka (D:2)
  3 giant newts
  6 goblins
  6 rats
54 creatures vanquished.

Notes
Turn   | Place    | Note
--------------------------------------------------------------
     0 | D:1      | Alarkh the Mummy Skald began the quest for the Orb.
     0 | D:1      | Reached XP level 1. HP: 16/16 MP: 3/3
   123 | D:1      | Reached skill level 2 in Polearms
   439 | D:1      | Reached XP level 2. HP: 22/22 MP: 3/5
   452 | D:1      | Learned a level 2 spell: Song of Slaying
   455 | D:1      | Learned a level 2 spell: Shroud of Golubria
  1081 | D:2      | Reached XP level 3. HP: 13/27 MP: 1/6
  1142 | D:2      | Reached skill level 3 in Polearms
  1803 | D:2      | Reached XP level 4. HP: 33/33 MP: 3/7
  2223 | D:2      | Reached skill level 4 in Polearms
  3165 | D:2      | Slain by an orc

Skill      XL: |  1  2  3  4 |
---------------+-------------+-----
Polearms       | 2 3 4 |  4.3
Fighting       | |  2.0
Armour         | |  0.7
Dodging        | |  0.7
Spellcasting   | |  2.0
Charms         | |  2.4

Action                   |  1- 3 |  4- 6 || total
-------------------------+-------+-------++-------
Melee: Spear             |   123 |   100 ||   223
 Cast: Infusion          |    20 |    14 ||    34
Armor: Leather armour    |    25 |    31 ||    56
Dodge: Dodged            |    60 |    57 ||   117
